 Dungeon Crawl Stone Soup version 0.29-a0-284-gf9362112df (webtiles) character file.

Game seed: 5621546353861796010

1417 Hubjo the Sneak (level 8, -2/61 HPs)
             Began as a Demonspawn Enchanter on Mar 28, 2022.
             Was an Initiate of Yredelemnul.
             Killed from afar by a steam dragon (27 damage)
             ... with a ball of steam
             ... on level 6 of the Dungeon.
             The game lasted 00:17:53 (5797 turns).

Hubjo the Sneak (Demonspawn Enchanter)              Turns: 5797, Time: 00:17:54

Health: -2/61      AC:  4    Str:  9    XL:     8   Next: 43%
Magic:  16/16      EV: 12    Int: 17    God:    Yredelemnul [......]
Gold:   246        SH:  0    Dex: 13    Spells: 18/18 levels left

rFire   . . .      SeeInvis +   i - +2 dagger (drain)
rCold   + . .      Faith    .   (no shield)
rNeg    . . .      Spirit   .   b - +0 robe
rPois   .          Reflect  .   (helmet unavailable)
rElec   .          Harm     .   (no cloak)
rCorr   .          Rampage  .   (no gloves)
Will    .....                   (no boots)
Stlth   +++.......              h - amulet of regeneration
HPRegen 1.00/turn               z - ring of see invisible
MPRegen 0.15/turn               (no ring)

@: no status effects
A: horns 3, powered by pain 1, sharp scales 2, demonic magic 1, clumsy 1, cold
resistance 1, screaming 1
a: Renounce Religion, Recall Undead Harvest


You were on level 6 of the Dungeon.
You worshipped Yredelemnul.
Yredelemnul was noncommittal.
You visited 2 branches of the dungeon, and saw 7 of its levels.
You also visited: Sewer.

You collected 246 gold pieces.

Inventory:

Hand Weapons
 a - a +1 dagger
 i - a +2 dagger of draining (weapon)
Armour
 b - a +0 robe (worn)
Magical Staves
 u - a staff of air
Jewellery
 g - an amulet of reflection
 h - an amulet of regeneration (around neck)
 z - a ring of see invisible (left hand)
Wands
 p - a wand of iceblast (4)
 C - a wand of flame (1)
 D - a wand of charming (11)
Scrolls
 e - 6 scrolls of amnesia
 l - 2 scrolls of torment
 m - a scroll of fog {unknown}
 q - 2 scrolls of holy word
 t - a scroll of summoning
 x - 3 scrolls of teleportation
 y - 2 scrolls of magic mapping
 A - a scroll of enchant weapon {unknown}
 B - a scroll of brand weapon {unknown}
 E - 3 scrolls of blinking
Potions
 c - 2 potions of invisibility
 d - a potion of attraction
 f - 3 potions of might {unknown}
 j - 2 potions of brilliance
 k - a potion of cancellation {unknown}
 n - 2 potions of resistance {unknown}
 o - a potion of heal wounds {unknown}
 r - a potion of lignification
 s - a potion of degeneration {unknown}
 v - a potion of mutation
 w - a potion of ambrosia {unknown}
 F - a potion of haste {unknown}
 G - a potion of berserk rage {unknown}
 H - a potion of curing


   Skills:
 + Level 4.4 Fighting
 - Level 0.8 Short Blades
 - Level 1.7 Dodging
 * Level 6.6 Stealth
 * Level 5.6 Spellcasting
 - Level 5.0 Hexes
 + Level 0.4 Air Magic


You had 18 spell levels left.
You didn't know any spells.
Your spell library contained the following spells:

 Spells                   Type           Power      Damage    Failure   Level
 Confusing Touch          Hex            21%        N/A       5%          3
 Tukima's Dance           Hex            21%        N/A       5%          3
 Ensorcelled Hibernation  Hex/Ice        26%        N/A       8%          2
 Dazzling Flash           Conj/Hex       26%        N/A       14%         3
 Static Discharge         Conj/Air       5%         N/A       19%         2
 Lightning Bolt           Conj/Air       2%         1d14      98%         5
 Maxwell's Capacitive Co  Air            3%         ∞         100%        8


Dungeon Overview and Level Annotations

Branches:
Dungeon (6/15)             Temple (1/1) D:6           Sewer (visited)

Altars:
Dithmenos
Elyvilon
Gozag
Kikubaaqudgha
Makhleb
Nemelex Xobeh
Okawaru
Qazlal
Sif Muna
Uskayaw
Vehumet
Wu Jian
Yredelemnul
Zin
The Shining One

Shops:
D:5 *

Annotations:
D:5 1 runed translucent door, bande's ghost, novice GrFi


Innate Abilities, Weirdness & Mutations

You have a pair of large horns on your head.
You sometimes gain a little power by taking damage.
You are mostly covered in razor-sharp scales. (AC +2, Slay +2)
Spells you cast may paralyse adjacent enemies.
You are clumsy. (Dex -2)
Your flesh is cold resistant. (rC+)
You occasionally shout uncontrollably at your foes.


Message History

The fungus is engulfed in a cloud of scalding steam.
The fungus begins to die.
The fungus is engulfed in a cloud of scalding steam.
The fungus begins to die.
The fungus is engulfed in a cloud of scalding steam.
The fungus begins to die.
The steam dragon bites you. The steam dragon claws you.
The steam dragon bites you.
The steam dragon claws you but does no damage.
You barely miss the steam dragon. Your headbutt misses the steam dragon.
The steam dragon is lightly wounded.
You are engulfed in a cloud of scalding steam.
The fungus is engulfed in a cloud of scalding steam. x2
A nearby fungus withers and dies.
The steam dragon bites you! The steam dragon closely misses you.
The steam dragon completely misses you. The steam dragon misses you.
You hit the steam dragon but do no damage.
You drain the steam dragon.
The steam dragon is moderately wounded.
The fungus is engulfed in a cloud of scalding steam.
The fungus begins to die.
The steam dragon barely misses you. The steam dragon closely misses you.
The steam dragon bites you!
The steam dragon claws you but does no damage.
You hit the steam dragon. You headbutt the steam dragon.
The steam dragon is heavily wounded.
The steam dragon closely misses you. The steam dragon claws you.
The steam dragon closely misses you. The steam dragon misses you.
Unknown command.
You barely miss the steam dragon.
The steam dragon is heavily wounded.
A nearby fungus withers and dies. x3; The steam dragon bites you.
The steam dragon closely misses you. x2; The steam dragon barely misses you.
Unknown command.
You hit the steam dragon but do no damage.
The steam dragon is heavily wounded.
A nearby fungus withers and dies.
The steam dragon bites you.
The steam dragon claws you but does no damage.
The steam dragon breathes steam at you. The ball of steam hits you!!
You die...
Your body rises from the dead as a mindless zombie.

#.##.# #####.##.####
#............
#.###.####### #### #.#
#.# ##P≈≈# #.# #.# ##
#PP.≈P# #.# ########P
.P...PP#########.≈≈≈.P≈.
.)...≈D@..≈.^.≈≈........
P.....D.........^.≈P^...
#...........≈#######.≈≈≈
#PP.≈≈P####### ###P≈
###.≈## ### ###


You could see 2 steam dragons.

Vanquished Creatures
  The ghost of YayAnonymity the Shield-Bearer, an amateur FoFi (D:4)
  A wyvern (D:5)
  An ice beast (D:5)
  A black bear (D:4)
  A sky beast (D:6)
  A phantom (D:5)
  A bullfrog (Sewer)
  2 scorpions
  2 bullfrog zombies (D:4)
  A hound (D:5)
  Ijyb (D:4)
  2 iguanas (D:5)
  An orc wizard (D:5)
  5 river rats (Sewer)
  9 adders
  A white imp (D:6)
  3 worms (D:2)
  A dart slug (D:2)
  6 orcs
  6 endoplasms
  4 giant cockroaches
  9 goblins
  5 hobgoblins
  3 quokkas
  7 ball pythons
  4 bats
  4 frilled lizards
  A kobold (D:4)
  24 rats
108 creatures vanquished.

Vanquished Creatures (collateral kills)
  A bullfrog (Sewer)
  An adder (Sewer)
  4 river rats
  A worm (D:3)
  A goblin (D:4)
  A kobold (D:4)
  6 ball pythons (Sewer)
  13 rats (Sewer)
28 creatures vanquished.

Vanquished Creatures (others)
  3 adder zombies
  A ball python zombie (Sewer)
  A giant cockroach zombie (D:4)
  7 goblin zombies (D:4)
  A hobgoblin zombie (D:3)
  A kobold zombie (D:4)
  2 orc zombies
  3 rat zombies
  2 river rat zombies (Sewer)
  A spectral endoplasm (Sewer)
  5 fungi (D:6)
27 creatures vanquished.

Grand Total: 163 creatures vanquished

Notes
Turn   | Place    | Note
-------+----------+-------------------------------------------
     0 | D:1      | Hubjo the Demonspawn Enchanter began the quest for the Orb.
     0 | D:1      | Reached XP level 1. HP: 13/13 MP: 3/3
   702 | D:1      | Gained mutation: You have a pair of small horns on your
                  | head. [demonic ancestry]
   702 | D:1      | Reached XP level 2. HP: 17/20 MP: 5/5
   721 | D:1      | Reached skill level 1 in Fighting
   728 | D:1      | Reached skill level 3 in Stealth
  1205 | D:2      | Gained mutation: Spells you cast may paralyse adjacent
                  | enemies. [demonic ancestry]
  1205 | D:2      | Reached XP level 3. HP: 26/26 MP: 6/6
  1482 | D:2      | Found a faded altar of an unknown god.
  1490 | D:2      | Prayed at the altar of an unknown god.
  1490 | D:2      | Became a worshipper of Yredelemnul the Dark
  1490 | D:2      | Reached * piety under Yredelemnul
  1843 | D:2      | Reached ** piety under Yredelemnul
  2382 | D:3      | Gained mutation: You are partially covered in razor-sharp
                  | scales. (AC +1, Slay +1) [demonic ancestry]
  2382 | D:3      | Reached XP level 4. HP: 33/33 MP: 7/7
  2599 | D:3      | Found a radiant altar of Vehumet.
  3171 | D:4      | Noticed Ijyb
  3188 | D:4      | Killed Ijyb
  3289 | D:4      | Noticed a scorpion
  3324 | D:4      | Your ally Ijyb died
  3325 | D:4      | Killed a scorpion
  3326 | D:4      | Reached skill level 4 in Stealth
  3326 | D:4      | Gained mutation: You are mostly covered in razor-sharp
                  | scales. (AC +2, Slay +2) [demonic ancestry]
  3326 | D:4      | Reached XP level 5. HP: 39/39 MP: 9/9
  3438 | D:4      | Found a glowing drain.
  3459 | Sewer    | Entered a sewer
  3583 | Sewer    | Gained mutation: You have a pair of horns on your head.
                  | [demonic ancestry]
  3583 | Sewer    | Reached XP level 6. HP: 15/46 MP: 9/11
  3644 | Sewer    | Reached *** piety under Yredelemnul
  3766 | Sewer    | HP: 2/46 [bullfrog (6)]
  3771 | Sewer    | Gained mutation: You occasionally shout uncontrollably at
                  | your foes. [potion of mutation]
  3771 | Sewer    | Gained mutation: You have a pair of large horns on your
                  | head. [potion of mutation]
  3771 | Sewer    | Gained mutation: You are clumsy. (Dex -2) [potion of
                  | mutation]
  3771 | Sewer    | Gained mutation: Your flesh is cold resistant. (rC+)
                  | [potion of mutation]
  3940 | D:4      | Found a runed translucent gate.
  3940 | D:4      | Found a runed translucent gate.
  3941 | D:4      | Found a runed translucent gate.
  3943 | D:4      | Noticed YayAnonymity's ghost (amateur FoFi)
  4009 | D:4      | Reached skill level 5 in Stealth
  4009 | D:4      | Gained mutation: You sometimes gain a little power by
                  | taking damage. [demonic ancestry]
  4009 | D:4      | Reached XP level 7. HP: 15/52 MP: 11/13
  4579 | D:4      | Killed YayAnonymity's ghost
  4744 | D:5      | Entered Level 5 of the Dungeon
  4748 | D:5      | Found Zin's Purification Station.
  4989 | D:5      | Reached skill level 6 in Stealth
  5080 | D:5      | Reached skill level 5 in Spellcasting
  5080 | D:5      | Reached XP level 8. HP: 46/60 MP: 15/15
  5109 | D:5      | Found a runed translucent door.
  5324 | D:5      | Reached skill level 5 in Hexes
  5359 | D:5      | Noticed bande's ghost (novice GrFi)
  5478 | D:6      | Found a staircase to the Ecumenical Temple.
  5495 | Temple   | Entered the Ecumenical Temple
  5797 | D:6      | Killed from afar by a steam dragon

Illustrated notes

Levels and vault maps discovered:
D:1:      dpeg_arrival_ratfight, layout_loops_cross,
          chequers_serial_rivers_small_b, kennysheep_decorative_pillar,
          hex_large, hangedman_abyss_or_decor_lesser_grid
D:2:      layout_loops_corners, hellmonk_ecumenical_altar_slurped_away
D:3:      layout_loops_corners, fiery_altar_vehumet, grunt_ministairs_15
D:4:      kennysheep_the_goblin_king, layout_loops_ring,
          gammafunk_ghost_necromancy, gup_sewer_entry_bubbles,
          kennysheep_generic_room_12
D:5:      layout_loops_ring, zin_purify, ebering_ghost_reflecting_pool
D:6:      kennysheep_steamy, layout_loops_ring, minmay_temple_entry_sparse_star
Temple:   cyrus_circular_temple

Skill      XL: |  1  2  3  4  5  6  7  8 |
---------------+-------------------------+-----
Fighting       | 1 2 3 4 |  4.4
Stealth        | 3 4 5 6 |  6.6
Spellcasting   | 3 4 5 |  5.6
Hexes          | 4 5 |  5.0
Short Blades   | |  0.8
Dodging        | |  1.7
Air Magic      | |  0.4

Action                   |  1- 3 |  4- 6 |  7- 9 || total
-------------------------+-------+-------+-------++-------
Melee: Dagger            |   111 |   127 |    85 ||   323
       Headbutt          |    14 |    15 |    18 ||    47
       Punch             |     1 |     1 |     1 ||     3
Invok: Recall Undead Har |       |       |     1 ||     1
Evoke: Wand              |       |     3 |       ||     3
  Use: Scroll            |     2 |     7 |     1 ||    10
       Potion            |       |     7 |       ||     7
 Stab: Sleeping          |    11 |     6 |     2 ||    19
       Distracted        |       |     1 |     1 ||     2
Armor: Robe              |    23 |    42 |    21 ||    86
       Skin              |       |     3 |       ||     3
Dodge: Dodged            |    75 |    92 |    57 ||   224
Block: Other             |     1 |       |       ||     1

Table legend: (Time is in decaauts)
 A = Elapsed time spent in this place.
 B = Non-inter-level travel time spent in this place.
 C = Inter-level travel time spent in this place.
 D = Time resting spent in this place.
 E = Time spent auto-exploring this place.
 F = Levels seen in this place.
 G = Mean time per level.
                   A        B        C        D        E       F      G
               +--------+--------+--------+--------+--------+-----+--------+
         Total |   5857 |   5545 |    312 |      0 |   4204 |   8 |  732.1 |
       Dungeon |   5217 |   4905 |    312 |      0 |   3948 |   6 |  869.5 |
        Temple |    215 |    215 |      0 |      0 |     42 |   1 |  215.0 |
         Sewer |    425 |    425 |      0 |      0 |    214 |   1 |  425.0 |
               +--------+--------+--------+--------+--------+-----+--------+

Top non-repeatable levels by time:
     D:4: 1345 daAuts
     D:1: 1154 daAuts
     D:2: 965 daAuts
     D:3: 915 daAuts
     D:5: 719 daAuts
   Sewer: 425 daAuts
  Temple: 215 daAuts
     D:6: 116 daAuts
